Unix NetHack Version 5.0.0-0 post-release - last build May  4 2026 22:22:43 (774f63e81ad911689b3a0859ea89b322d5daca8d,branch:main).

Game began 2026-05-10 17:18:39, ended 2026-05-10 18:56:31.

BaeHund, lawful female human Knight

                                           --  -- ----
                                        ---.---.--.|.--        ---
                                        -....|........|        ..---    ----
                                         .............|  -  .......   ---..|
                                        -.............-- .....        |....|
                                         #.................-         --...--
                                        -#.................|       ---....|
                                        |(................-        |......|
                                       --.@.......-                |.----.|
                                    ----..#--- -  |                |.|  |.|
                                    |.....|                   ------.|  |.|
                                    |...*.|            --------.^....|  |.|
                                    ---..--           --..--....)<...| --.|
                           --     -----.------------  |.......--%--.-- |..|--
                           -..........%............-- --......--.|--- --..|.--
                             ----.>...-----.-----...|  |.........---  |......|
                                ---..    |...---...-----...........-  |......|
                                  ...    --................----.|...| ---..---
                                  -.      |.....--------.---   ---.--   ----
                                  --      ---.---      ---        --
                                            ---
BaeHund the Esquire      St:15 Dx:7 Co:12 In:7 Wi:16 Ch:17  Lawful
Dlvl:3  $:43 HP:0(25) Pw:28(28) AC:3  Xp:3 T:802  Burdened Blind

Latest messages:
 The saddled pony misses the gnome.
 The gnome misses the saddled pony.
 The saddled pony hits the gnome.
 The gnome is killed!
 The gnome picks up 4 daggers.
 The saddled pony hits the gnome.
 The gnome is killed!
 q - a candle.
 You swap places with your saddled pony.
 You hear some noises in the distance.
 You hear crashing rock.
 You see here a food ration.
 j - a food ration (6 in total).
 The gnome swings her crossbow.
 The gnome hits!
 You miss the gnome.
 You hit the gnome.
 The gnome swings her crossbow.
 The gnome misses!
 You miss the gnome.
 The gnome swings her crossbow.
 The gnome misses!
 You hit the gnome.
 The gnome swings her crossbow.
 The gnome hits!
 You kill the gnome!
 Welcome to experience level 3.
 The gnome hits!
 You hit the gnome.
 You miss the gnome.
 The gnome misses!
 You hit the gnome!
 You kill the gnome!
 You see here 8 rocks.
 Pick a monster, object or location.
 A bear trap closes on your foot!
 Your movements are slowed slightly because of your load.
 You are caught in a bear trap.
 You are caught in a bear trap.
 The gnome lord zaps an aluminum wand!
 The bolt of lightning whizzes by you!
 You are blinded by the flash!
 You hear a nearby zap.
 The bolt of lightning hits you!
 You die...
 Do you want your possessions identified? [ynq] (y) y
 Do you want to see your attributes? [ynq] (y) y
 Do you want an account of creatures vanquished? [ynaq] (y) y
 Do you want to see your conduct and achievements? [ynq] (y) y
 Do you want to see the dungeon overview? [ynq] (y) y

Inventory:
 Coins    ('$')
  $ - 43 gold pieces
 Weapons  (')')
  a - a +1 long sword (weapon in right hand)
  m - a +0 long sword
 Armor    ('[')
  d - an uncursed +0 helmet (being worn)
  f - an uncursed +0 pair of leather gloves (being worn)
  e - an uncursed +0 small shield (being worn)
  c - an uncursed +1 ring mail (being worn)
 Comestibles  ('%')
  g - 10 uncursed apples
  h - 15 uncursed carrots
  j - 6 uncursed food rations
  n - a cursed food ration
 Scrolls  ('?')
  k - an uncursed scroll of identify
  b - an uncursed scroll of remove curse
 Potions  ('!')
  o - an uncursed potion of hallucination
  i - 3 uncursed potions of healing
 Rings    ('=')
  l - an uncursed -3 ring of increase damage (on right hand)
 Tools    ('(')
  p - an uncursed credit card
  q - a blessed tallow candle

BaeHund the Knight's attributes:

Background:
 You were an Esquire, a level 3 female human Knight.
 You were lawful, on a mission for Lugh
 who was opposed by Brigit (neutral) and Manannan Mac Lir (chaotic).
 You were right-handed.
 You were in the Gnomish Mines, on level 3.
 You entered the dungeon 802 turns ago.
 You had 53 experience points, 27 more were needed to attain level 4.

Basics:
 You had 0 out of 25 hit points.
 You had all 28 energy points (spell power).
 Your armor class was 3.
 Your wallet contained 43 zorkmids.
 Autopickup was off.

Final Characteristics:
 Your strength was 15 (limit:18/100).
 Your dexterity was 7 (base:8, limit:18).
 Your constitution was 12 (limit:18).
 Your intelligence was 7 (limit:18).
 Your wisdom was 16 (limit:18).
 Your charisma was 17 (limit:18).

Final Status:
 You were temporarily blind.
 You were trapped in a bear trap.
 You had a wounded left leg.
 You weren't hungry.
 You were burdened; movement was slightly slowed.
 You were wielding a long sword.
 You had basic skill with long sword.

Final Attributes:
 You were fervently aligned.
 You could jump.
 You had a small damage penalty (-3).
 You were warded.
 You are dead.

Miscellaneous:
 You didn't encounter any bones levels.
 Total elapsed playing time was 43 minutes and 56 seconds.

Major events:
 Turn
    1: BaeHund the lawful female human Knight entered the dungeon
  655: entered the Gnomish Mines
  780: attained the rank of Esquire (level 3)
  802: killed by a bolt of lightning zapped by a gnome lord

You didn't know any spells.

Skills:
 Fighting Skills
   bare handed combat [Unskilled]
   two weapon combat  [Unskilled]
   riding             [Basic]
 Weapon Skills
   dagger             [Unskilled]
   knife              [Unskilled]
   axe                [Unskilled]
   pick-axe           [Unskilled]
   short sword        [Unskilled]
   broadsword         [Unskilled]
   long sword         [Basic]
   two-handed sword   [Unskilled]
   saber              [Unskilled]
   club               [Unskilled]
   mace               [Unskilled]
   morning star       [Unskilled]
   flail              [Unskilled]
   hammer             [Unskilled]
   polearms           [Unskilled]
   spear              [Unskilled]
   trident            [Unskilled]
   lance              [Basic]
   bow                [Unskilled]
   crossbow           [Unskilled]
 Spellcasting Skills
   attack spells      [Unskilled]
   healing spells     [Unskilled]
   clerical spells    [Unskilled]

Voluntary challenges:
 Character rerolling was not enabled.
 You were an atheist.
 You were illiterate.
 You never genocided any monsters.
 You never polymorphed an object.
 You never changed form.
 You used no wishes.
Achievements:
 You entered the Gnomish Mines.
 You attained the rank of Esquire.

 The Dungeons of Doom: levels 1 to 3
    Level 1:
       A fountain, a sink.
    Level 2:
       Stairs down to The Gnomish Mines.
    Level 3:
 The Gnomish Mines:
    Level 3: <- You were here.
       Final resting place for
          you, killed by a bolt of lightning zapped by a gnome lord.


Vanquished creatures:
  7 gnomes
  7 jackals
  a fox
  4 lichens
  2 kobold zombies
  3 newts
24 creatures vanquished.

No species were genocided or became extinct.

Game over:
                       ----------
                      /          \
                     /    REST    \
                    /      IN      \
                   /     PEACE      \
                  /                  \
                  |     BaeHund      |
                  |      43 Au       |
                  | killed by a bolt |
                  |   of lightning   |
                  |   zapped by a    |
                  |    gnome lord    |
                  |       2026       |
                 *|     *  *  *      | *
        _________)/\\_//(\/(/\)/\//\/|_)_______

Fare thee well BaeHund the Knight...

You died in The Gnomish Mines on dungeon level 3 with 351 points,
and 43 pieces of gold, after 802 moves.
You were level 3 with a maximum of 25 hit points when you died.

